 Adventure DCSS version bcrawl-1.27.3 (webtiles) character file.

Game seed: 2018335502242787831

167684 galech the Chopper (level 7, -5/55 HPs)
             Began as a Demonspawn Fighter on Aug 3, 2020.
             Slain by a troll (12 damage)
             ... on level 6 of the Dungeon.
             The game lasted 00:07:14 (4983 turns).

galech the Chopper (Demonspawn Fighter)             Turns: 4983, Time: 00:07:15

Health: -5/55      AC: 10    Str: 18    XL:     7   Next: 23%
Magic:  7/7        EV:  7    Int:  9    God:
Gold:   294        SH: 10    Dex: 14    Spells: 6/6 levels left
                                        Lives:  0   Deaths: 2

rFire    . . .     SeeInvis .   a - +0 war axe
rCold    . . .     Gourm    .   c - +0 medium shield
rNeg     . . .     Faith    .   b - +0 scale mail
rPois    .         Spirit   .   (no helmet)
rElec    .         Reflect  .   (no cloak)
rCorr    +         Harm     .   (no gloves)
MR       .....                  (no boots)
Stlth    ..........             (no amulet)
HPRegen  0.18/turn              h - ring of resist corrosion
MPRegen  0.10/turn              (no ring)

@: no status effects
A: icy blue scales 2, powered by death 1, spiny 1
a: no special abilities


You were on level 6 of the Dungeon.
You were not hungry.

You visited 1 branch of the dungeon, and saw 7 of its levels.

You collected 294 gold pieces.

Inventory:

Hand Weapons
 a - a +0 war axe (weapon)
Armour
 b - a +0 scale mail (worn)
 c - a +0 medium shield (worn)
Jewellery
 h - a ring of resist corrosion (left hand)
Wands
 v - a wand of polymorph (14)
Scrolls
 f - a scroll of identify
 g - 3 scrolls of remove curse
 j - 2 scrolls of magic mapping
 k - 3 scrolls of teleportation
 m - a scroll of noise
 o - a scroll of enchant weapon
 p - a scroll of fear
 r - a scroll of fog {unknown}
 t - 2 scrolls of blinking {unknown}
Potions
 i - 3 potions of ambrosia
 l - 3 potions of brilliance {unknown}
 n - 5 potions of lignification {unknown}
 q - a potion of degeneration {unknown}
 s - 2 potions of heal wounds {unknown}
 u - a potion of agility {unknown}
 w - a potion of resistance {unknown}
 x - 2 potions of flight {unknown}
Comestibles
 d - 5 chunks of flesh
 e - 7 rations {!d}


   Skills:
 + Level 4.9 Fighting
 + Level 6.0 Axes
 + Level 4.8 Armour
 + Level 2.3 Dodging
 + Level 0.2 Stealth
 + Level 5.2 Shields


You had 6 spell levels left.
You didn't know any spells.
Your spell library contained the following spells:

 Spells                   Type           Power        Failure   Level  Hunger
 Confuse                  Hex            #.......     100%        3    #####..
 Dazzling Orbs            Conj/Hex       #......      100%        3    #####..
 Petrify                  Tmut/Erth      #.........   100%        4    ######.
 Yara's Violent Unravell  Hex/Tmut       #.........   100%        4    ######.
 Metabolic Englaciation   Hex/Ice        #.........   100%        5    #######
 Mana Rupture             Conj/Hex       #.........   100%        7    #######


Dungeon Overview and Level Annotations

Branches:
Dungeon (7/12)
 Temple: D:4-7         Lair: D:7-9

Altars:

Shops:
D:4 :


Innate Abilities, Weirdness & Mutations

You are mostly covered in icy blue scales. (AC +3)
You regenerate a little health from kills.
You are partially covered in sharp spines.


Message History

You block the troll's attack. x3
You hit the troll but do no damage.
The troll is almost dead.
You block the troll's attack. x2; The troll claws you.
You block the troll's attack. The troll barely misses you. The troll claws you!
* * * LOW HITPOINT WARNING * * *
You closely miss the troll.
The troll is almost dead.
The troll bites you.
* * * LOW HITPOINT WARNING * * *
The troll claws you but does no damage. You block the troll's attack.
You closely miss the troll.
The troll is almost dead.
The troll bites you but does no damage. The troll claws you but does no damage.
The troll claws you!
* * * LOW HITPOINT WARNING * * *
You barely miss the troll.
The troll is almost dead.
The troll is struck by your spines. The troll bites you!
You die...

#..## ##..#
####..##
##.....########
##.............#
#..............#
##.............#
##..............#
#....@..........#
#....T(.<......##
#...............#
#...............#
#)...............#
#...............##
...............
........P..##+#


You could see a troll.

Vanquished Creatures
  Grinder (D:4)
  A sky beast (D:4)
  An ice beast (D:5)
  2 centaurs (D:5)
  A gnoll sergeant (D:6)
  A bullfrog zombie (D:5)
  A crimson imp (D:4)
  A hound (D:6)
  4 orc priests
  A gnoll shaman (D:6)
  3 orc wizards
  An iguana (D:7)
  A centaur skeleton (D:6)
  Ijyb (D:4)
  3 worker ants
  Terence (D:3)
  A hound skeleton (D:4)
  12 gnolls
  7 adders
  An ooze (D:3)
  4 worms
  3 dart slugs
  5 leopard geckos
  18 orcs
  2 bats
  A giant cockroach (D:1)
  2 goblins (D:1)
  7 hobgoblins
  2 jackals (D:5)
  4 quokkas
  A ball python (D:1)
  6 frilled lizards
  13 kobolds
  5 rats
118 creatures vanquished.

Notes
Turn   | Place    | Note
-------+----------+-------------------------------------------
     0 | D:1      | galech the Demonspawn Fighter began the quest for the Orb.
     0 | D:1      | Reached XP level 1. HP: 18/18 MP: 1/1
   147 | D:1      | Reached skill level 2 in Axes
   147 | D:1      | Gained mutation: You regenerate a little health from kills.
                  | [demonic ancestry]
   147 | D:1      | Reached XP level 2. HP: 20/24 MP: 2/2
  1179 | D:2      | Gained mutation: You are partially covered in icy blue
                  | scales. (AC +2) [demonic ancestry]
  1179 | D:2      | Reached XP level 3. HP: 14/29 MP: 3/3
  1733 | D:1      | Gained mutation: You are partially covered in sharp spines.
                  | [demonic ancestry]
  1733 | D:1      | Reached XP level 4. HP: 32/35 MP: 4/4
  2398 | D:3      | Reached skill level 3 in Axes
  2408 | D:3      | Reached XP level 5. HP: 41/41 MP: 5/5
  2689 | D:3      | Noticed Terence
  2701 | D:3      | Killed Terence
  2701 | D:3      | Reached skill level 1 in Dodging
  3125 | D:4      | Found Cueh's Book Shoppe.
  3148 | D:4      | Gained mutation: You are mostly covered in icy blue scales.
                  | (AC +3) [demonic ancestry]
  3148 | D:4      | Reached XP level 6. HP: 34/47 MP: 6/6
  3422 | D:4      | Noticed Ijyb
  3434 | D:4      | Killed Ijyb
  3434 | D:4      | Reached skill level 4 in Axes
  3742 | D:4      | Noticed a sky beast
  3753 | D:4      | HP: 2/48 [poisoned by a worker ant]
  3753 | D:4      | Slain by a worker ant
  3754 | D:4      | Reached XP level 5. HP: -1/42 MP: 5/5
  3769 | D:4      | Killed a sky beast
  3769 | D:4      | Reached XP level 6. HP: 48/48 MP: 6/6
  3979 | D:5      | Entered Level 5 of the Dungeon
  3979 | D:5      | Noticed Grinder
  3983 | D:5      | Paralysed by Grinder for 4 turns
  3997 | D:4      | Killed Grinder
  3997 | D:4      | Reached XP level 7. HP: 25/54 MP: 7/7
  4081 | D:5      | Reached skill level 5 in Axes
  4275 | D:5      | Reached skill level 5 in Shields
  4387 | D:5      | Noticed a troll
  4438 | D:6      | Reached XP level 8. HP: 30/60 MP: 8/8
  4696 | D:6      | Noticed a troll
  4867 | D:7      | Noticed a troll
  4884 | D:6      | Reached skill level 6 in Axes
  4952 | D:6      | Slain by a troll
  4953 | D:6      | Reached XP level 7. HP: -3/55 MP: 7/7
  4983 | D:6      | Slain by a troll

Skill      XL: |  1  2  3  4  5  6  7  8 |
---------------+-------------------------+-----
Axes           | 2 3 4 5 6 |  6.0
Armour         | 3 4 |  4.8
Shields        | 3 4 5 |  5.2
Dodging        | 1 2 |  2.3
Fighting       | 4 |  4.9
Stealth        | |  0.2

Action                   |  1- 3 |  4- 6 |  7- 9 || total
-------------------------+-------+-------+-------++-------
Melee: War axe           |   109 |   155 |   101 ||   365
  Use: Scroll            |     2 |     6 |       ||     8
       Potion            |       |     1 |     2 ||     3
  Eat: Chunk             |     5 |     9 |     5 ||    19
       Ration            |       |     1 |       ||     1
Armor: Scale mail        |    62 |    85 |    68 ||   215
Dodge: Dodged            |    24 |    34 |    47 ||   105
Block: Medium shield     |    58 |    79 |    93 ||   230
